 Dungeon Crawl Stone Soup version 0.32-a0-886-g41c5271027 (webtiles) character file.

Game seed: 13098926464099080770

1769447 Gryn the Slayer (level 26, 264/264 HPs)
             Began as a Pale Draconian Hunter on Apr 2, 2024.
             Was the Champion of Cheibriados.
             Escaped with the Orb
             ... and 3 runes!
             The game lasted 03:34:38 (61535 turns).

Gryn the Slayer (Pale Draconian Hunter)            Turns: 61535, Time: 03:34:39

Health: 264/264    AC: 24    Str: 26    XL:     26   Next: 33%
Magic:  46/46      EV: 57    Int: 28    God:    Cheibriados [******]
Gold:   6893       SH:  0    Dex: 59    Spells: 19/51 levels left

rFire   + . .        a - +9 longbow (freeze)
rCold   + + .        (shield currently unavailable)
rNeg    . . .        (body armour unavailable)
rPois   +            m - +3 hat of Pondering {ponderous, Will+ MP+10 Int+5}
rElec   +            y - +4 dragonskin cloak {Aegis}
rCorr   .            W - +2 pair of gloves of Gozag's Esteem {rF+ Dex+2}
SInv    .            Q - +0 pair of boots of Wiotsig {Dex+2}
Will    +++..        Y - amulet "Qiweut" {rPois Will+ RegenMP+ Str-5}
Stlth   ++           e - ring "Ymeukh" {rC++ Str+6}
HPRegen 0.64/turn    o - ring "Voonaick" {*Corrode rElec Str-2 Dex+6 Slay+5}
MPRegen 0.70/turn

%: corrode self (3%), clarity
@: studying Throwing, very slow
A: steam breath, AC +12, unfitting armour, cold-blooded, steam resistance, agile
2, clarity, deterioration 1, low MP 1, screaming 1
0: Orb of Zot
}: 3/15 runes: barnacled, silver, gossamer
a: Steam Breath, Renounce Religion, Bend Time, Temporal Distortion, Slouch, Step
From Time


You escaped.
You worshipped Cheibriados.
Cheibriados was exalted by your worship.
You visited 9 branches of the dungeon, and saw 47 of its levels.
You visited 1 bazaar.
You also visited: Wizlab and Desolation.

You collected 9431 gold pieces.
You spent 2538 gold pieces at shops.

Inventory:

Hand Weapons
 a - a +9 longbow of freezing (weapon)
Missiles
 D - 22 javelins
 E - 6 throwing nets
 U - 19 curare-tipped darts
 V - 27 silver javelins
Armour
 m - the +3 hat of Pondering (worn) {ponderous, Will+ MP+10 Int+5}
   (You took it off Gastronok on level 3 of the Lair of Beasts)

   Int+5:     It affects your intelligence (+5).
   Will+:     It increases your willpower.
   MP+10:     It affects your magic capacity (+10).
 y - the +4 dragonskin cloak (worn) {Aegis}
   (You took it off Tiamat on level 1 of the Realm of Zot)

   Avatar's Aegis: It grants the wearer a chance to resist fire, cold, poison,
   electricity, acid, and negative energy.
 Q - the +0 pair of boots of Wiotsig (worn) {Dex+2}
   (You acquired it on level 4 of the Lair of Beasts)

   Dex+2:     It affects your dexterity (+2).
 W - the +2 pair of gloves of Gozag's Esteem (worn) {rF+ Dex+2}
   (You bought it in a shop on level 2 of the Orcish Mines)

   Dex+2:     It affects your dexterity (+2).
   rF+:       It protects you from fire.
Jewellery
 e - the ring "Ymeukh" (left hand) {rC++ Str+6}
   (You found it in the Desolation of Salt)

   [ring of strength]

   Str+6:     It affects your strength (+6).
   rC++:      It greatly protects you from cold.
 o - the ring "Voonaick" (right hand) {*Corrode rElec Str-2 Dex+6 Slay+5}
   (You bought it in a shop in a bazaar)

   [ring of dexterity]

   Str-2:     It affects your strength (-2).
   Dex+6:     It affects your dexterity (+6).
   Slay+5:    It affects your accuracy & damage with ranged weapons and melee
   (+5).
   rElec:     It insulates you from electricity.
   *Corrode:  It may corrode you when you take damage.
 z - a ring of see invisible
 Y - the amulet "Qiweut" (around neck) {rPois Will+ RegenMP+ Str-5}
   (You found it in the Desolation of Salt)

   [amulet of magic regeneration]

   It increases your rate of magic regeneration.
   Str-5:     It affects your strength (-5).
   rPois:     It protects you from poison.
   Will+:     It increases your willpower.
   RegenMP+:  It increases your rate of magic regeneration.
Wands
 b - a wand of charming (25)
 s - a wand of mindburst (39)
 L - a wand of digging (20)
 P - a wand of warping (59)
 R - a wand of light (12)
Scrolls
 c - a scroll of enchant weapon
 d - 7 scrolls of fog
 f - 21 scrolls of teleportation
 g - 8 scrolls of poison
 h - 2 scrolls of butterflies
 i - 9 scrolls of enchant armour
 j - 6 scrolls of amnesia
 n - a scroll of blinking
 r - 15 scrolls of fear
 A - 11 scrolls of immolation
 I - 4 scrolls of silence
 M - 4 scrolls of brand weapon
 X - 4 scrolls of torment
 Z - 4 scrolls of vulnerability
Potions
 k - 2 potions of cancellation
 l - 6 potions of heal wounds
 p - 8 potions of mutation
 q - 4 potions of magic
 t - 2 potions of berserk rage
 u - 13 potions of lignification
 v - 12 potions of ambrosia
 x - 12 potions of attraction
 B - 3 potions of resistance
 C - 8 potions of brilliance
 F - 2 potions of invisibility
 G - 5 potions of enlightenment
 H - 10 potions of might
 K - 25 potions of curing
Miscellaneous
 w - a phantom mirror
 J - a box of beasts
 N - a lightning rod (4/4)
 O - a Gell's gravitambourine (2/2)
 S - a tin of tremorstones (2/2)


   Skills:
 + Level 26.7 Fighting
 - Level 20.0 Ranged Weapons
 - Level 20.0 Dodging
 - Level 0.8 Stealth
 - Level 13.0 Spellcasting
 - Level 10.0 Conjurations
 - Level 4.0 Necromancy
 - Level 11.0 Translocations
 - Level 20.0 Fire Magic
 - Level 8.0 Alchemy
 - Level 12.0 Invocations
 - Level 13.0 Evocations


You had 19 spell levels left.
You knew the following spells:

 Your Spells              Type           Power      Damage    Failure   Level
a - Ignition              Fire           46%        3d13      5%          8
b - Olgreb's Toxic Radia  Alch           59%        N/A       1%          4
c - Irradiate             Conj/Alch      31%        3d22      1%          5
d - Fugue of the Fallen   Necr           40%        N/A       1%          3
e - Blink                 Tloc           100%       N/A       1%          2
f - Passage of Golubria   Tloc           68%        N/A       1%          4
g - Dispersal             Tloc           34%        N/A       4%          6

Your spell library contained the following spells:

 Spells                   Type           Power      Damage    Failure   Level
 Scorch                   Fire           100%       2d9       0%          2
 Volatile Blastmotes      Fire/Tloc      100%       2d18      0%          3
 Apportation              Tloc           100%       N/A       1%          1
 Kiss of Death            Conj/Necr      100%       2d13      1%          1
 Magic Dart               Conj           100%       1d8       1%          1
 Necrotise                Necr           100%       1d9       1%          1
 Shock                    Conj/Air       100%       1d9       1%          1
 Sting                    Conj/Alch      100%       1d9       1%          1
 Cigotuvi's Dreadful Rot  Necr/Alch/Air  80%        N/A       1%          2
 Lesser Beckoning         Tloc           100%       N/A       1%          2
 Mercury Vapours          Alch/Air       80%        N/A       1%          2
 Searing Ray              Conj           100%       2d8       1%          2
 Static Discharge         Conj/Air       92%        3-7/arc   1%          2
 Sublimation of Blood     Necr           40%        N/A       1%          2
 Dazzling Flash           Conj/Hex       92%        N/A       1%          3
 Hailstorm                Conj/Ice       46%        3d10      1%          3
 Inner Flame              Hex/Fire       65%        N/A       1%          3
 Maxwell's Portable Pile  Tloc           68%        2d(12-34) 1%          3
 Mephitic Cloud           Conj/Alch/Air  51%        N/A       1%          3
 Stone Arrow              Conj/Erth      92%        3d12      1%          3
 Teleport Other           Tloc           68%        N/A       1%          3
 Vampiric Draining        Necr           40%        2d8       1%          3
 Flame Wave               Conj/Fire      80%        2d17      1%          4
 Fulminant Prism          Conj/Alch      31%        3d15      1%          4
 Ignite Poison            Fire/Alch      77%        N/A       1%          4
 Iskenderun's Mystic Bla  Conj/Tloc      67%        2d14      (+2d71%     4
 Sticky Flame             Fire/Alch      77%        2d12      1%          4
 Summon Blazeheart Golem  Fire/Summ      65%        N/A       1%          4
 Fireball                 Conj/Fire      40%        3d16      1%          5
 Iskenderun's Battlesphe  Conj           65%        2d11      1%          5
 Starburst                Conj/Fire      40%        6d11      1%          6
 Freeze                   Ice            72%        1d8       3%          1
 Sandblast                Erth           36%        2d10      3%          1
 Summon Small Mammal      Summ           72%        N/A       3%          1
 Brom's Barrelling Bould  Conj/Erth      46%        2d6       3%          4
 Alistair's Intoxication  Alch           39%        N/A       3%          5
 Call Imp                 Summ           36%        N/A       4%          2
 Ensorcelled Hibernation  Hex/Ice        36%        N/A       4%          2
 Jinxbite                 Hex            36%        N/A       4%          2
 Gell's Gavotte           Tloc           34%        2d(26-39) 4%          6
 Animate Dead             Necr           40%        N/A       5%          4
 Dispel Undead            Necr           40%        3d16      5%          4
 Leda's Liquefaction      Alch/Erth      20%        N/A       5%          4
 Petrify                  Alch/Erth      40%        N/A       5%          4
 Call Canine Familiar     Summ           18%        N/A       9%          3
 Confusing Touch          Hex            18%        N/A       9%          3
 Frozen Ramparts          Ice            36%        1d6       9%          3
 Sigil of Binding         Hex            18%        N/A       9%          3
 Summon Ice Beast         Ice/Summ       18%        N/A       9%          3
 Swiftness                Air            18%        N/A       9%          3
 Tukima's Dance           Hex            18%        N/A       9%          3
 Summon Forest            Summ/Tloc      24%        N/A       9%          5
 Arcjolt                  Conj/Air       23%        1d33      11%         5
 Anguish                  Hex/Necr       14%        N/A       13%         4
 Martyr's Knell           Necr/Summ      29%        N/A       13%         4
 Curse of Agony           Necr           40%        N/A       16%         5
 Yara's Violent Unravell  Hex/Alch       20%        3d9       16%         5
 Eringya's Noxious Bog    Alch           29%        4d6       16%         6
 Freezing Cloud           Conj/Ice/Air   18%        6-21      22%         5
 Airstrike                Air            9%         2d(2-18)  28%         4
 Cause Fear               Hex            9%         N/A       28%         4
 Summon Lightning Spire   Summ/Air       18%        N/A       28%         4
 Borgnjor's Vile Clutch   Necr/Erth      14%        N/A       34%         5
 Orb of Destruction       Conj           32%        9d10      38%         7
 Conjure Ball Lightning   Conj/Air       23%        3x3d6     50%         6
 Lee's Rapid Deconstruct  Erth           9%         3d7*      63%         5
 Metabolic Englaciation   Hex/Ice        9%         N/A       63%         5
 Silence                  Hex/Air        9%         N/A       63%         5
 Summon Mana Viper        Hex/Summ       18%        N/A       63%         5
 Death Channel            Necr           20%        N/A       65%         6
 Sculpt Simulacrum        Ice/Alch       20%        N/A       65%         6
 Disjunction              Tloc           34%        N/A       91%         8
 Malign Gateway           Summ/Tloc      24%        N/A       95%         7
 Permafrost Eruption      Ice/Erth       9%         2x4d3     99%         6
 Summon Cactus Giant      Summ           9%         N/A       99%         6
 Fire Storm               Conj/Fire      40%        8d10      99%         9
 Enfeeble                 Hex            9%         N/A       100%        7
 Haunt                    Necr/Summ      14%        N/A       100%        7
 Summon Hydra             Summ           9%         N/A       100%        7
 Discord                  Hex            9%         N/A       100%        8
 Infestation              Necr           20%        N/A       100%        8
 Maxwell's Capacitive Co  Air            9%         ∞         100%        8
 Summon Horrible Things   Summ           9%         N/A       100%        8
 Chain Lightning          Conj/Air       23%        3d30      100%        9
 Dragon's Call            Summ           9%         N/A       100%        9
 Shatter                  Erth           9%         3d11*     100%        9
 Animate Armour           Summ/Erth      Unusable   N/A       N/A         4

Dungeon Overview and Level Annotations

Branches:
Dungeon (15/15)            Temple (0/1) D:5            Lair (5/5) D:8
 Shoals (4/4) Lair:2       Spider (4/4) Lair:2        Slime (0/5) Lair:4
    Orc (2/2) D:10            Elf (3/3) Orc:2        Vaults (5/5) D:14
  Crypt (0/3) Vaults:2     Depths (4/4) D:15            Zot (5/5) Depths:4
 WizLab (visited)         Desolation (visited)

Altars:
Ashenzari
Cheibriados
Gozag
Hepliaklqana
Kikubaaqudgha
Qazlal
Ru
Sif Muna
Trog
Uskayaw
Vehumet
Xom
Yredelemnul
Zin
The Shining One
Lugonu

Shops:
D:3 :   D:4 ?   D:7 [   Orc:2 [(=*   Shoals:1 =   Shoals:2 *   Vaults:4 (
Depths:3 **(

Portals:
Hell: Depths:1 Depths:2 Depths:3 Depths:4
Abyss: Depths:3 Depths:4
Pandemonium: Depths:2 Depths:3
Ziggurat: Depths:1
Trove: D:11 (give +7 demon blade)

Annotations:
D:4 1 runed translucent door, hexenhour's ghost, amateur DsNe
D:6 2 transporters, Menkaure
D:7 3 runed translucent doors, gosagan's ghost, novice VSBe
Spider:2 2 transporters, exclusion: orange crystal statue
Depths:3 3 runed translucent doors, exclusion: obsidian statue, Gadrel's ghost, veteran DrNe


Innate Abilities, Weirdness & Mutations

You can breathe blasts of scalding, opaque steam.
Your pale cyan-grey scales are hard. (AC +12)
You cannot fit into any form of body armour.
You are cold-blooded and may be slowed by cold attacks.
You are immune to the effects of steam.
You are very agile. (Dex +8, Str/Int -2)
You possess an exceptional clarity of mind.
Your body sometimes deteriorates upon taking damage.
Your magical capacity is low. (-10% MP)
You occasionally shout uncontrollably at your foes.


Message History

Gosagan's ghost turns its malevolent gaze towards you.
There is a stone staircase leading down here.
There is a snail-covered altar of Cheibriados here.
There is a stone staircase leading up here.
You climb upwards.
Level annotation: 2 transporters, Menkaure
There is a stone staircase leading down here.
There is a stone staircase leading up here.
You climb upwards.
There is a stone staircase leading down here.
There is a stone staircase leading up here.
You climb upwards.
Level annotation: 1 runed translucent door, hexenhour's ghost, amateur DsNe
There is a stone staircase leading down here.
There is a stone staircase leading up here.
You climb upwards.
There is a stone staircase leading down here.
There is a stone staircase leading up here.
You climb upwards.
There is a stone staircase leading down here.
An Executioner comes into view.
You shoot an arrow. The arrow hits the Executioner!!
The arrow freezes the Executioner!
The Executioner is severely wounded.
You shoot an arrow.
The arrow hits the Executioner but does no damage.
The Executioner is severely wounded.
You shoot an arrow. The arrow hits the Executioner!!
You kill the Executioner!
Cheibriados thoroughly appreciates the change of pace.
No target in view!
No target in view!
There is a stone staircase leading up here.
You climb upwards.
There is a stone staircase leading down here.
There is an open gate here.
There is an open door here.
There is an open door here.
There is a staircase leading out of the dungeon here.
You have escaped!

##.## #..#
#..#(####### #..##
##.########.#.#
##..####
#..........#.#
##....#
#♣.♣#'''#..#.#
####.###
♣⌠♣#...#~.#.#
#...##
♣♣♣#.♣.#~.#.#
###..# #...#~ß#.#
####### ##.##
####'#####.#
......# #..#
#@.#...##..# ###
[.....#
##.####..'.####.##
#.. ......#
#...##########.#
#.# ......#
###.########...#
#.# †.....#
#..........### #.#
†.....#
##.>........# #..
..#.#.#
#.....####.# ###
......# #.....#
#.# ......#
#.....# #.#


There were no monsters in sight!

Vanquished Creatures
  Tiamat (Zot:1)
  3 orbs of fire
  A dread lich (Zot:5)
  3 ancient liches
  Mennas (Depths:4)
  Boris (Depths:1)
  Parghit (Zot:1)
  A Killer Klown (Zot:5)
  A Head Instructor (WizLab)
  A curse toe (Zot:5)
  Margery (Depths:4)
  8 golden dragons
  Nikola (Spider:2)
  Norris (Elf:2)
  Jory (Vaults:5)
  Arachne (Spider:4)
  2 electric golems
  Jorgrun (Elf:2)
  3 liches
  19 tentacled monstrosities
  A deep elf master archer (Elf:3)
  Asterion (Elf:2)
  23 Orb Guardians
  10 quicksilver dragons
  A searing wretch (Depths:4)
  3 deep elf blademasters
  4 titans
  A walking frostbound tome (Depths:3)
  Polyphemus (Shoals:4)
  6 sphinxes
  6 krakens
  Gastronok (Lair:3)
  Frances (D:12)
  4 death cobs
  Kirke (D:12)
  Roxanne (Elf:1)
  Agnes (Elf:1)
  The ghost of Waploud the Warrior, an adept CoFi of Hepliaklqana (Spider:2)
  6 tengu reavers
  3 Executioners
  8 shadow dragons
  An ancient champion (Vaults:2)
  4 draconian monks
  11 storm dragons
  Ilsuiw (Shoals:3)
  Donald (Vaults:3)
  3 protean progenitors (Zot:3)
  7 fire giants
  6 frost giants
  4 draconian knights
  3 deep elf sorcerers
  8 draconian scorchers
  2 imperial myrmidons (Desolation)
  19 vault wardens
  4 draconian shifters
  An iron dragon (Depths:3)
  5 deep elf elementalists (Elf:3)
  12 ghost moths
  5 orc warlords
  4 reapers
  6 draconian stormcallers
  17 very ugly things
  3 emperor scorpions
  9 draconian annihilators
  Louise (Shoals:3)
  6 spriggan defenders
  7 ironbound thunderhulks
  15 ironbound preservers
  23 stone giants
  A formless jellyfish (Vaults:1)
  A demonspawn blood saint (Depths:4)
  8 broodmothers
  5 deep elf demonologists
  2 vampire knights
  13 green draconians
  14 deep elf death magi
  8 deep elf annihilators
  8 red draconians
  A demonspawn black sun (Depths:4)
  2 halazid warlocks (Desolation)
  A bunyip (Zot:3)
  10 white draconians
  2 minotaurs (Shoals:4)
  10 black draconians
  6 purple draconians
  2 lorocyprocas
  6 spark wasps
  11 yellow draconians
  8 fire dragons
  Snorg (D:11)
  3 war gargoyles
  6 green deaths
  3 merfolk javelineers
  3 crystal guardians
  A blizzard demon (Depths:1)
  21 ettins
  8 yaktaur captains
  6 entropy weavers
  5 merfolk impalers
  5 rakshasas
  2 ragged hierophants
  2 great orbs of eyes (Vaults:2)
  8 deep elf high priests (Elf:3)
  A hell beast (Depths:3)
  33 vault guards
  7 servants of whispers (Desolation)
  5 ice dragons
  2 alligator snapping turtles (Shoals:4)
  3 catoblepae
  3 ogre magi
  5 merfolk avatars
  6 hydras
  10 peacekeepers
  2 alligators (Zot:3)
  2 spriggan air magi (Depths:3)
  A merfolk aquamancer (Shoals:2)
  3 two-headed ogres
  7 radroaches
  A sphinx zombie (D:15)
  20 centaur warriors
  5 deep troll shamans
  6 boulder beetles
  30 dancing weapons
  8 ironbound frosthearts
  3 tengu warriors
  A sphinx skeleton (D:15)
  A hell hog (Lair:5)
  5 demonic crawlers
  12 satyrs
  9 deep troll earth magi
  4 death yaks (Shoals:4)
  6 spriggan berserkers
  A vampire mage (Depths:1)
  4 occultists
  24 deep elf knights
  2 orc high priests
  Sonja (Orc:2)
  2 soul eaters
  9 skysharks
  A fire crab (Lair:1)
  2 sixfirhies
  A sun demon (Depths:1)
  23 hell knights
  A storm dragon skeleton (D:15)
  6 skeletal warriors
  A cherub (Depths:3)
  7 orb spiders
  5 iron trolls
  A titan skeleton (Vaults:2)
  A flayed ghost (D:15)
  3 pharaoh ants
  A sea snake (shapeshifter) (Depths:2)
  40 deep trolls
  3 spriggan druids (Depths:2)
  An obsidian statue (Depths:1)
  7 mana vipers (WizLab)
  27 ironbound convokers
  3 glowing orange brains
  19 deep elf archers
  8 arcanists
  11 sea snakes
  26 harpies
  8 steelbarb worms
  An obsidian bat (Orc:2)
  A swamp dragon (Lair:5)
  A sun moth (Spider:4)
  5 phantasmal warriors
  17 orc knights
  4 thermic dynamos (Elf:1)
  A harpy (shapeshifter) (Elf:1)
  25 deep elf zephyrmancers
  13 necromancers
  4 lindwurms
  46 deep elf pyromancers
  A fire giant zombie (Vaults:2)
  16 wolf spiders
  4 orc sorcerers
  6 cyclopes
  11 manticores
  16 fauns
  35 ugly things
  28 moths of wrath
  9 meliai
  23 vault sentinels
  2 stone giant skeletons (Vaults:2)
  10 black mambas
  4 human skeletons (Vaults:2)
  7 elephants
  6 kobold blastminers
  A rust devil (D:9)
  A molten gargoyle (Vaults:3)
  2 gargoyles
  A guardian serpent (Desolation)
  6 smoke demons
  An eye of devastation (shapeshifter) (Depths:2)
  5 water nymphs
  9 merfolk sirens
  12 cane toads
  2 fire giant skeletons (Vaults:2)
  An orange demon (Zot:4)
  5 torpor snails
  10 rime drakes
  4 kobold demonologists
  31 yaktaurs
  An unseen horror (D:11)
  A komodo dragon (shapeshifter) (Depths:3)
  2 yaktaur skeletons (Vaults:2)
  11 komodo dragons
  2 efreet
  An ice devil (Depths:1)
  3 tengu conjurers
  2 freezing wraiths
  3 red devils
  A queen bee (Spider:1)
  6 trolls
  23 tarantellas
  8 wind drakes
  6 hellwings
  14 hornets
  14 polar bears
  A wind drake (shapeshifter) (Vaults:5)
  30 merfolk
  41 saltlings
  26 jumping spiders
  12 snapping turtles
  4 dream sheep
  20 blink frogs
  A glass eye (Depths:3)
  A raiju (Lair:5)
  3 stone giant simulacra
  3 air elementals
  14 spriggans
  28 culicivoras
  A shadow (D:13)
  A centaur simulacrum (D:15)
  26 slime creatures
  An ettin skeleton (Vaults:2)
  11 water elementals
  2 ynoxinuls
  2 wraiths
  A fire bat (D:6)
  3 hogs (D:12)
  4 fire elementals
  6 wargs
  5 basilisks
  14 wyverns
  78 yaks
  2 elf skeletons (Vaults:2)
  A steam dragon (Lair:5)
  62 redbacks
  3 vampire mosquitoes
  2 neqoxecs (Depths:1)
  A chaos spawn (Depths:1)
  2 acid dragons (D:10)
  16 water moccasins
  Duvessa (D:4)
  18 hell hounds
  26 orc warriors
  4 swamp drakes (Lair:5)
  2 sky beasts (D:6)
  A human zombie (Vaults:2)
  20 black bears
  29 wolves
  4 boggarts (D:14)
  12 centaurs
  7 ogres
  A phantom (D:5)
  8 kobold brigands
  4 gnoll sergeants
  13 bullfrogs
  5 scorpions
  2 earth elementals (Elf:1)
  7 wights
  Dowan (D:4)
  17 killer bees
  A howler monkey (D:9)
  2 bombardier beetles
  Crazy Yiuf (D:7)
  11 orc priests
  5 hounds
  A sleepcap (D:7)
  10 iguanas
  Natasha (thrice) (D:2)
  10 orc wizards
  2 polar bear simulacra (Lair:4)
  4 hell rats (D:15)
  3 yak simulacra (Lair:4)
  4 wolf simulacra (Lair:4)
  Robin (D:4)
  19 gnolls
  5 adders
  2 river rats (Lair:4)
  4 shadow imps
  An ufetubus (Vaults:1)
  2 dart slugs
  A ribbon worm (D:4)
  57 orcs
  3 endoplasms
  12 goblins
  2 hobgoblins (D:4)
  2 jackals (D:2)
  27 kobolds
  2 quokkas
  3 ball pythons
  5 bats
  A frilled lizard (D:1)
  5 rats
  2 river rat simulacra (Lair:4)
  An aspiring flesh (Zot:3)
  16 tentacles
2292 creatures vanquished.

Vanquished Creatures (others)
  A white draconian (Zot:1)
  A vault guard (D:14)
  A sea snake (Shoals:4)
  A phantasmal warrior (Vaults:5)
  A deep elf pyromancer (Elf:2)
  A snapping turtle (Shoals:4)
  A basilisk (D:14)
  32 tentacles
39 creatures vanquished.

Grand Total: 2331 creatures vanquished

Notes
Turn   | Place    | Note
-------+----------+-------------------------------------------
     0 | D:1      | Gryn the Draconian Hunter began the quest for the Orb.
     0 | D:1      | Reached XP level 1. HP: 17/17 MP: 1/1
   240 | D:1      | Reached XP level 2. HP: 24/24 MP: 2/2
   956 | D:2      | Reached XP level 3. HP: 29/29 MP: 3/3
   967 | D:2      | Reached skill level 5 in Ranged Weapons
  1085 | D:2      | Reached XP level 4. HP: 33/36 MP: 4/4
  1115 | D:2      | Noticed Natasha
  1124 | D:2      | Killed Natasha
  1129 | D:2      | Noticed Natasha
  1138 | D:2      | Killed Natasha
  1350 | D:2      | Reached XP level 5. HP: 41/41 MP: 5/5
  1556 | D:2      | Noticed Natasha
  1585 | D:2      | Killed Natasha
  1882 | D:2      | Identified the +10 whip "Vel Wics" {freeze, rF- rCorr Str-2
                  | SInv}
  1968 | D:3      | Identified the +3 quarterstaff of Manaru Fuawa {elec,
                  | Will++ Dex+2}
  1996 | D:3      | Found a glowing silver altar of Zin.
  2164 | D:3      | Found Uxtietz's Book Boutique.
  2562 | D:3      | Found a faded altar of an unknown god.
  2564 | D:3      | Prayed at the altar of an unknown god.
  2564 | D:3      | Became a worshipper of Cheibriados the Contemplative
  2564 | D:3      | Reached * piety under Cheibriados
  2678 | D:4      | Noticed Robin
  2692 | D:4      | Killed Robin
  2782 | D:4      | Noticed hexenhour's ghost (amateur DsNe)
  2787 | D:4      | Found a runed translucent door.
  2792 | D:4      | Noticed Dowan
  2817 | D:4      | Killed Dowan
  2883 | D:4      | Reached XP level 6. HP: 48/48 MP: 6/6
  2937 | D:4      | Reached ** piety under Cheibriados
  3224 | D:4      | Found Zimedy's Magic Scroll Shop.
  3227 | D:4      | Bought a scroll of blinking for 82 gold pieces
  3227 | D:4      | Bought a scroll of blinking for 82 gold pieces
  3227 | D:4      | Bought a scroll of teleportation for 33 gold pieces
  3227 | D:4      | Bought a scroll of teleportation for 33 gold pieces
  3246 | D:4      | Noticed Duvessa
  3256 | D:4      | Killed Duvessa
  3257 | D:4      | Your scales start taking on a pale cyan-grey colour.
  3257 | D:4      | Reached XP level 7. HP: 30/55 MP: 7/7
  3257 | D:4      | Gained mutation: You are immune to the effects of steam.
                  | [Pale Draconian growth]
  3430 | D:4      | Found a broken altar of Ashenzari.
  3897 | D:5      | Entered Level 5 of the Dungeon
  3936 | D:5      | Reached skill level 3 in Fighting
  4033 | D:5      | Reached skill level 1 in Fire Magic
  4217 | D:5      | Reached skill level 4 in Fighting
  4416 | D:5      | Identified the +0 robe "Xaoloapt" {Int+5}
  4498 | D:5      | Reached XP level 8. HP: 67/67 MP: 8/8
  4515 | D:5      | Reached skill level 5 in Fighting
  4616 | D:5      | Found a staircase to the Ecumenical Temple.
  4765 | D:6      | Reached skill level 1 in Spellcasting
  4765 | D:6      | Reached skill level 1 in Conjurations
  4938 | D:6      | Reached *** piety under Cheibriados
  4982 | D:6      | Found a shimmering altar of Xom.
  5525 | D:6      | Reached XP level 9. HP: 45/74 MP: 14/16
  5632 | D:6      | Reached skill level 5 in Spellcasting
  5756 | D:6      | Reached **** piety under Cheibriados
  5863 | D:6      | Found an ancient bone altar of Kikubaaqudgha.
  5865 | D:6      | Noticed Menkaure
  5867 | D:6      | Found a transporter.
  5869 | D:6      | Found a basalt altar of Yredelemnul.
  5888 | D:6      | Found a transporter.
  6114 | D:6      | Found a shimmering blue altar of Sif Muna.
  6245 | D:7      | Found a snail-covered altar of Cheibriados.
  6355 | D:7      | Found Disk's Armour Emporium.
  6415 | D:7      | Found a runed translucent door.
  6416 | D:7      | Noticed Crazy Yiuf
  6426 | D:7      | Killed Crazy Yiuf
  6493 | D:7      | Found a runed translucent gate.
  6493 | D:7      | Found a runed translucent gate.
  6493 | D:7      | Found a runed translucent gate.
  6498 | D:7      | Noticed gosagan's ghost (novice VSBe)
  6734 | D:7      | Found a hide-covered altar of Uskayaw.
  7030 | D:8      | Found a bloodstained altar of Trog.
  7030 | D:8      | Found a stormy altar of Qazlal.
  7036 | D:8      | Learned a level 4 spell: Flame Wave
  7083 | D:8      | Reached skill level 5 in Fire Magic
  7111 | D:8      | Noticed an elephant
  7273 | D:9      | Noticed a smoke demon
  7588 | D:8      | Killed an elephant
  7589 | D:8      | Reached XP level 10. HP: 67/81 MP: 19/19
  7675 | D:8      | Found a staircase to the Lair.
  7721 | D:8      | Reached skill level 5 in Dodging
  7721 | D:8      | Reached skill level 5 in Conjurations
  8172 | D:9      | Killed a smoke demon
  8173 | D:9      | Reached skill level 1 in Invocations
  8181 | D:9      | Noticed a rust devil
  8889 | D:9      | Reached ***** piety under Cheibriados
  9038 | D:9      | Found an opulent altar of Gozag.
  9117 | D:9      | Reached skill level 5 in Invocations
  9672 | D:9      | Killed a rust devil
  9875 | D:10     | Entered Level 10 of the Dungeon
  9875 | D:10     | Noticed a two-headed ogre
  9890 | D:10     | Reached XP level 11. HP: 76/86 MP: 14/20
 10046 | D:10     | Killed a two-headed ogre
 10364 | D:10     | Reached skill level 10 in Fire Magic
 10929 | D:10     | Found a staircase to the Orcish Mines.
 11253 | Lair:1   | Entered Level 1 of the Lair of Beasts
 11272 | Lair:1   | Found a sacrificial altar of Ru.
 11284 | Lair:1   | Reached ****** piety under Cheibriados
 11304 | Lair:1   | Reached skill level 6 in Fighting
 11559 | Lair:1   | Reached skill level 7 in Fighting
 11573 | Lair:1   | Reached XP level 12. HP: 51/101 MP: 6/21
 11751 | Lair:1   | Reached skill level 8 in Fighting
 12454 | Lair:1   | Reached skill level 10 in Ranged Weapons
 12520 | Lair:2   | Reached skill level 9 in Fighting
 13022 | Lair:2   | Found a hole to the Spider Nest.
 13061 | Lair:2   | Reached skill level 10 in Fighting
 13169 | Lair:2   | Found a hazy altar of Hepliaklqana.
 13698 | Lair:2   | Found a staircase to the Shoals.
 13803 | Lair:2   | Reached skill level 11 in Fighting
 14178 | Lair:3   | Noticed Gastronok
 14209 | Lair:3   | Killed Gastronok
 14210 | Lair:3   | Reached XP level 13. HP: 69/116 MP: 22/22
 14717 | Lair:3   | You fall into a shaft and drop 1 floor!
 14924 | Lair:4   | Found a staircase to the Slime Pits.
 16118 | Lair:4   | Identified a scroll of acquirement
 16118 | Lair:4   | Acquired the +0 pair of boots of Wiotsig {Dex+2}
 16132 | Lair:5   | Entered Level 5 of the Lair of Beasts
 17040 | Lair:5   | Reached skill level 15 in Ranged Weapons
 17177 | Lair:5   | Reached XP level 14. HP: 124/124 MP: 23/23
 18097 | Lair:5   | Reached skill level 10 in Invocations
 19336 | Orc:1    | Entered Level 1 of the Orcish Mines
 19706 | Orc:2    | Entered Level 2 of the Orcish Mines
 19783 | Orc:2    | Found Abisuhiepn's Jewellery Boutique.
 19815 | Orc:2    | Found Xunogav's Antique Armour Boutique.
 19818 | Orc:2    | Noticed Sonja
 19820 | Orc:2    | Killed Sonja
 19824 | Orc:2    | Noticed an orc warlord
 19834 | Orc:2    | Found Eceefarch's Antique Weapon Emporium.
 19997 | Orc:1    | Killed an orc warlord
 20403 | Orc:2    | Found Oweucuamn's General Store.
 20411 | Orc:2    | Bought a potion of curing for 39 gold pieces
 20411 | Orc:2    | Bought a Gell's gravitambourine (2/2) for 520 gold pieces
 20602 | Orc:2    | Found a staircase to the Elven Halls.
 20627 | Orc:2    | Bought a pair of blackened gloves for 209 gold pieces
 20627 | Orc:2    | Identified the +2 pair of gloves of Gozag's Esteem {rF+
                  | Dex+2} (You bought it in a shop on level 2 of the Orcish
                  | Mines)
 21142 | D:3      | Bought the Compendium of Lost Venin for 360 gold pieces
 21373 | D:11     | Found a portal to a secret trove of treasure.
 21646 | D:11     | Noticed Snorg
 21657 | D:11     | Killed Snorg
 21658 | D:11     | Reached skill level 1 in Alchemy
 21818 | D:11     | Reached XP level 15. HP: 129/129 MP: 24/24
 21985 | D:11     | Learned a level 4 spell: Olgreb's Toxic Radiance
 22310 | D:12     | Noticed Frances
 22324 | D:12     | Killed Frances
 22601 | D:12     | Noticed Kirke
 22646 | D:12     | Killed Kirke
 23418 | D:14     | Found a gate to the Vaults.
 23435 | D:14     | Reached skill level 5 in Alchemy
 23441 | D:14     | Reached skill level 10 in Dodging
 23494 | D:14     | Reached skill level 1 in Evocations
 23568 | D:14     | Found a flickering gateway to a bazaar.
 23580 | Bazaar   | Entered a bazaar
 23580 | Bazaar   | Found Qat Vautwe's Distillery.
 23624 | Bazaar   | Found Nedarch's Assorted Antiques.
 23638 | Bazaar   | Found Roep Nakh's Antique Armour Emporium.
 23644 | Bazaar   | Found Lutorari's Antique Armour Shoppe.
 23655 | Bazaar   | Found Gonkin's Jewellery Shop.
 23661 | Bazaar   | Bought the ring "Voonaick" {*Corrode rElec Str-2 Dex+6
                  | Slay+5} for 550 gold pieces
 23691 | Bazaar   | Bought 3 potions of curing for 90 gold pieces
 23691 | Bazaar   | Bought a potion of resistance for 100 gold pieces
 23691 | Bazaar   | Bought a potion of brilliance for 40 gold pieces
 23691 | Bazaar   | Bought a potion of curing for 30 gold pieces
 23691 | Bazaar   | Bought a potion of curing for 30 gold pieces
 24642 | D:15     | Entered Level 15 of the Dungeon
 24921 | D:15     | Learned a level 5 spell: Irradiate
 25103 | D:15     | Reached XP level 16. HP: 137/137 MP: 25/25
 25105 | D:15     | Found a staircase to the Depths.
 26152 | Shoals:1 | Entered Level 1 of the Shoals
 26152 | Shoals:1 | Noticed a kraken
 26203 | Shoals:1 | Killed a kraken
 26703 | Shoals:1 | Reached skill level 12 in Fighting
 26714 | Shoals:1 | Found Ucufoach's Jewellery Boutique.
 26911 | Shoals:2 | Noticed a kraken
 26933 | Shoals:2 | Killed a kraken
 27225 | Shoals:2 | Reached skill level 10 in Conjurations
 27287 | Shoals:2 | Reached skill level 13 in Fighting
 27290 | Shoals:2 | Found Fojeumaf's Mass Market.
 27479 | Shoals:2 | Noticed a kraken
 27497 | Shoals:2 | Killed a kraken
 27762 | Shoals:3 | Noticed Ilsuiw
 27769 | Shoals:3 | Reached skill level 14 in Fighting
 27785 | Shoals:3 | Noticed Louise
 28235 | Shoals:3 | Killed Ilsuiw
 28461 | Shoals:3 | Killed Louise
 28784 | Shoals:3 | Noticed a kraken
 28977 | Shoals:3 | Reached XP level 17. HP: 154/154 MP: 26/26
 29013 | Shoals:3 | Killed a kraken
 29113 | Shoals:4 | Entered Level 4 of the Shoals
 29768 | Shoals:4 | Noticed a kraken
 29783 | Shoals:4 | Killed a kraken
 29784 | Shoals:4 | Reached skill level 15 in Fighting
 29791 | Shoals:4 | Noticed a kraken
 29800 | Shoals:4 | Killed a kraken
 29874 | Shoals:4 | Noticed a sphinx
 29882 | Shoals:4 | Paralysed by a sphinx for 5 turns
 29888 | Shoals:4 | Killed a sphinx
 30527 | Shoals:4 | Noticed Polyphemus
 30549 | Shoals:4 | Killed Polyphemus
 30767 | Shoals:4 | Noticed a sphinx
 30771 | Shoals:4 | Killed a sphinx
 30814 | Shoals:4 | Got a barnacled rune of Zot
 31231 | Orc:2    | Bought a ring of poison resistance for 340 gold pieces
 31368 | Spider:1 | Entered Level 1 of the Spider Nest
 32080 | Spider:2 | Noticed Nikola
 32096 | Spider:2 | Killed Nikola
 32097 | Spider:2 | Reached XP level 18. HP: 119/163 MP: 29/29
 32286 | Spider:2 | Found a transporter.
 32518 | Spider:2 | Found a hide-covered altar of Uskayaw.
 32593 | Spider:2 | Found a transporter.
 32594 | Spider:2 | Found a runed translucent door.
 32596 | Spider:2 | Noticed Waploud's ghost (adept CoFi)
 32596 | Spider:2 | Found the +3 giant club "Skullcrusher" {speed, Str+7}
 33142 | Spider:2 | You fall into a shaft and drop 1 floor!
 33347 | Spider:2 | Killed Waploud's ghost
 33797 | Spider:3 | Reached skill level 15 in Fire Magic
 34437 | Spider:4 | Entered Level 4 of the Spider Nest
 34695 | Spider:4 | Noticed Arachne
 34711 | Spider:4 | Killed Arachne
 34714 | Spider:4 | Gained mutation: You occasionally lose the ability to drink
                  | potions when taking damage. [mutagenic glow]
 35554 | Spider:4 | Got a gossamer rune of Zot
 35667 | Spider:4 | Found the amulet of the Four Winds {rN+ Will+++ Clar}
 35785 | Spider:4 | Learned a level 8 spell: Ignition
 36137 | Vaults:1 | Entered Level 1 of the Vaults
 36420 | Vaults:1 | Reached XP level 19. HP: 170/170 MP: 32/32
 37839 | Vaults:2 | Found a magical portal.
 37853 | WizLab   | Entered Yara's Duelist Academy
 37949 | WizLab   | Noticed Gimiorof
 37957 | WizLab   | Killed Gimiorof the Head Instructor
 38026 | WizLab   | Got Yara's Handbook of the Faeries
 39394 | Vaults:2 | Reached skill level 10 in Spellcasting
 40031 | Vaults:2 | Found a staircase to the Crypt.
 40112 | Vaults:3 | Found a crumbling gateway.
 40133 | Desolati | Entered the Desolation of Salt
 40183 | Desolati | Reached XP level 20. HP: 178/178 MP: 34/34
 40227 | Desolati | Identified the +0 troll leather armour of Fedhas's Reproof
                  | {*Slow Regen+ rCorr Int+6 Dex+4}
 40230 | Desolati | Identified the ring "Ymeukh" {rC++ Str+6}
 41039 | Desolati | Identified the amulet "Qiweut" {rPois Will+ RegenMP+ Str-5}
 41062 | Desolati | Got the Tome of Haze
 41311 | Desolati | Identified the +2 dagger of the Growing Pill Bug {heavy,
                  | Dex+4}
 41312 | Desolati | Identified the +1 leather armour of Uskayaw's Respect
                  | {rPois Regen+}
 41313 | Desolati | Identified the +2 chain mail of Surprise {Rampage *Corrode
                  | rF++}
 41316 | Desolati | Identified the ring "Heax Raw" {rF- rN+ Dex+4 Slay+5}
 41322 | Desolati | Identified the +5 great sword "Dragon's Doom" {protect, Fly
                  | rPois rC+}
 42113 | Vaults:3 | Noticed Donald
 42119 | Vaults:3 | Reached skill level 16 in Fighting
 42123 | Vaults:3 | Killed Donald
 42238 | Vaults:3 | Identified the ring "Telouppu" {Str+4 Dex+6}
 42400 | Vaults:3 | Acquired 566 gold pieces
 42819 | Vaults:4 | Reached skill level 17 in Fighting
 43221 | Vaults:4 | Reached XP level 21. HP: 191/191 MP: 35/35
 43524 | Vaults:4 | Found Benwonwy's Weapon Shoppe.
 43739 | Vaults:5 | Entered Level 5 of the Vaults
 44122 | Vaults:4 | Reached skill level 18 in Fighting
 44530 | Vaults:4 | Learned a level 3 spell: Fugue of the Fallen
 44532 | Vaults:5 | Noticed a golden dragon
 44536 | Vaults:5 | Reached skill level 1 in Necromancy
 44539 | Vaults:5 | Reached skill level 15 in Dodging
 44557 | Vaults:5 | Killed a golden dragon
 44774 | Vaults:5 | Noticed an ancient lich
 44779 | Vaults:5 | Killed an ancient lich
 44832 | Vaults:5 | Reached skill level 19 in Fighting
 44927 | Vaults:5 | Identified the +5 great mace "Ycry" {antimagic, rElec rN+}
 45011 | Vaults:5 | Reached XP level 22. HP: 165/206 MP: 36/36
 45162 | Vaults:5 | Identified the staff "Cycvoel" {rElec rN+ Str+3 Summ Necro}
 45345 | Vaults:5 | Identified the +7 trident of Doselo {flame, ^Drain +Blink
                  | Fly Int+2}
 45397 | Vaults:5 | Got a silver rune of Zot
 45412 | Vaults:5 | Acquired 1080 gold pieces
 45438 | Vaults:5 | Identified the +3 arbalest "Xaaff" {speed, rElec Str+3}
 45713 | Vaults:5 | Got the Omnibus of the Pestle
 45721 | Vaults:5 | Identified the +7 rapier of Xom's Hope {heavy, rPois rC+
                  | Dex+3}
 45859 | Vaults:5 | Noticed Jory
 45870 | Vaults:5 | Killed Jory
 46332 | Elf:1    | Entered Level 1 of the Elven Halls
 46414 | Elf:1    | Reached skill level 20 in Fighting
 46574 | Elf:1    | Noticed Agnes
 46580 | Elf:1    | Killed Agnes
 46591 | Elf:1    | Reached skill level 5 in Evocations
 46722 | Elf:1    | Noticed Roxanne
 46731 | Elf:1    | Killed Roxanne
 47316 | Elf:2    | Noticed Norris
 47328 | Elf:2    | Killed Norris
 47485 | Elf:2    | Found a runed translucent gate.
 47485 | Elf:2    | Found a runed translucent gate.
 47486 | Elf:2    | Found a runed translucent gate.
 47666 | Elf:2    | Identified the amulet "Didip Soph" {Spirit Regen+ Dex-2
                  | Slay+5}
 47666 | Elf:2    | Noticed Asterion
 47675 | Elf:2    | Killed Asterion
 47728 | Elf:2    | Found an ancient bone altar of Kikubaaqudgha.
 47883 | Elf:2    | Noticed Jorgrun
 47891 | Elf:2    | Killed Jorgrun
 47906 | Elf:2    | Reached skill level 10 in Evocations
 48225 | Elf:3    | Entered Level 3 of the Elven Halls
 48920 | Elf:3    | Reached XP level 23. HP: 181/215 MP: 37/37
 48956 | Elf:3    | Reached skill level 1 in Translocations
 49209 | Elf:3    | Identified the amulet of Ohetil {Faith rF+}
 49384 | Elf:3    | Identified the +5 lajatang of Equilibrium {freeze, Str+2
                  | Dex+3 Stlth+}
 49388 | Elf:3    | Reached skill level 5 in Translocations
 49390 | Elf:3    | Identified the +8 short sword of Fegiuj {flame, *Corrode
                  | rElec Dex+4}
 49390 | Elf:3    | Identified the amulet of Liruly {Spirit Harm ^Fragile rC+
                  | Regen+}
 49407 | Elf:3    | Identified the +2 orcbow "Zarph" {freeze, rF+ rN+ Str-2
                  | Dex+4}
 49697 | Elf:3    | Got Ezen's Incunable of Signs and the Compass
 49737 | Elf:3    | Learned a level 2 spell: Blink
 49742 | Elf:3    | Learned a level 4 spell: Passage of Golubria
 49749 | Elf:3    | Learned a level 6 spell: Dispersal
 50181 | Depths:1 | Entered Level 1 of the Depths
 50487 | Depths:1 | Identified the +4 robe of the Game Afoot {^Contam rCorr
                  | Int+2}
 50487 | Depths:1 | Noticed Boris
 50499 | Depths:1 | Killed Boris
 50637 | Depths:1 | Found a one-way gateway to a ziggurat.
 50729 | Depths:1 | Reached skill level 10 in Translocations
 50759 | Depths:1 | Gained mutation: Your body sometimes deteriorates upon
                  | taking damage. [a neqoxec]
 50812 | Depths:1 | Found a gateway to Hell.
 51479 | Depths:2 | Found a one-way gate leading to the halls of Pandemonium.
 52314 | Depths:2 | Found a radiant altar of Vehumet.
 52534 | Depths:2 | Lost mutation: You occasionally lose the ability to drink
                  | potions when taking damage. [potion of mutation]
 52534 | Depths:2 | Lost mutation: Your body sometimes deteriorates upon taking
                  | damage. [potion of mutation]
 52534 | Depths:2 | Gained mutation: You sometimes lose your temper in combat.
                  | [potion of mutation]
 52534 | Depths:2 | Gained mutation: You have a pair of small horns on your
                  | head. [potion of mutation]
 52534 | Depths:2 | Gained mutation: Your spells are a little easier to cast,
                  | but a little less powerful. [potion of mutation]
 52534 | Depths:2 | Gained mutation: You are covered in fur. (AC +1) [potion of
                  | mutation]
 52535 | Depths:2 | Lost mutation: You have a pair of small horns on your head.
                  | [potion of mutation]
 52535 | Depths:2 | Lost mutation: You are covered in fur. (AC +1) [potion of
                  | mutation]
 52535 | Depths:2 | Gained mutation: You have large cloven feet. [potion of
                  | mutation]
 52535 | Depths:2 | Gained mutation: Your muscles are strong. (Str +4, Int/Dex
                  | -1) [potion of mutation]
 52535 | Depths:2 | Gained mutation: You have a pair of small antennae on your
                  | head. [potion of mutation]
 52536 | Depths:2 | Lost mutation: You have a pair of small antennae on your
                  | head. [potion of mutation]
 52536 | Depths:2 | Lost mutation: You have large cloven feet. [potion of
                  | mutation]
 52536 | Depths:2 | Gained mutation: Your large and strong wings let you fly.
                  | [potion of mutation]
 52536 | Depths:2 | Gained mutation: Your spells are easier to cast, but less
                  | powerful. [potion of mutation]
 52536 | Depths:2 | Gained mutation: Your muscles are very strong. (Str +8,
                  | Int/Dex -2) [potion of mutation]
 52536 | Depths:2 | Gained mutation: You have a pair of small horns on your
                  | head. [potion of mutation]
 52537 | Depths:2 | Lost mutation: You sometimes lose your temper in combat.
                  | [potion of mutation]
 52537 | Depths:2 | Lost mutation: Your muscles are very strong. (Str +8,
                  | Int/Dex -2) [potion of mutation]
 52537 | Depths:2 | Lost mutation: Your spells are easier to cast, but less
                  | powerful. [potion of mutation]
 52537 | Depths:2 | Gained mutation: You possess an exceptional clarity of
                  | mind. [potion of mutation]
 52537 | Depths:2 | Gained mutation: You occasionally shout uncontrollably at
                  | your foes. [potion of mutation]
 52538 | Depths:2 | Lost mutation: Your muscles are strong. (Str +4, Int/Dex
                  | -1) [potion of mutation]
 52538 | Depths:2 | Lost mutation: Your large and strong wings let you fly.
                  | [potion of mutation]
 52538 | Depths:2 | Lost mutation: You have a pair of small horns on your head.
                  | [potion of mutation]
 52538 | Depths:2 | Gained mutation: You passively map a small area around you.
                  | [potion of mutation]
 52538 | Depths:2 | Lost mutation: Your spells are a little easier to cast, but
                  | a little less powerful. [potion of mutation]
 52538 | Depths:2 | Gained mutation: You are agile. (Dex +4, Str/Int -1)
                  | [potion of mutation]
 52546 | Depths:3 | Reached XP level 24. HP: 224/224 MP: 39/39
 52629 | Depths:3 | Found a runed translucent gate.
 52629 | Depths:3 | Found a runed translucent gate.
 52629 | Depths:3 | Found a runed translucent gate.
 52631 | Depths:3 | Found an opulent altar of Gozag.
 52637 | Depths:3 | Found Icu Lyigeng's Assorted Antiques.
 52637 | Depths:3 | Noticed Gadrel's ghost (veteran DrNe)
 52641 | Depths:3 | Found Yhecs's Assorted Antiques.
 52705 | Depths:3 | Found a one-way gate to the infinite horrors of the Abyss.
 52710 | Depths:3 | Found Opearimo's Antique Weapon Emporium.
 52783 | Depths:3 | Identified the granite talisman of Gallantry {rC+ Dex+4}
 53701 | Depths:3 | Found a glowing golden altar of the Shining One.
 53915 | Depths:4 | Entered Level 4 of the Depths
 53934 | Depths:4 | Noticed Mennas
 53939 | Depths:4 | Killed Mennas
 54186 | Depths:4 | Noticed Margery
 54201 | Depths:4 | Killed Margery
 54451 | Depths:4 | Found a corrupted altar of Lugonu.
 54538 | Depths:4 | Reached skill level 21 in Fighting
 55236 | Depths:4 | Found a gate to the Realm of Zot.
 55541 | Zot:1    | Entered Level 1 of the Realm of Zot
 55644 | Zot:1    | Noticed an orb of fire
 55646 | Zot:1    | Gained mutation: You are very agile. (Dex +8, Str/Int -2)
                  | [an orb of fire]
 55649 | Zot:1    | Gained mutation: You are frail. (-10% HP) [an orb of fire]
 55653 | Zot:1    | Gained mutation: Your magical capacity is low. (-10% MP)
                  | [an orb of fire]
 55654 | Zot:1    | Killed an orb of fire
 56007 | Zot:1    | Reached skill level 22 in Fighting
 56094 | Zot:1    | Noticed Parghit
 56112 | Zot:1    | Killed Parghit
 56200 | Zot:1    | Found the +4 dragonskin cloak {Aegis}
 56200 | Zot:1    | Noticed Tiamat
 56231 | Zot:1    | Killed Tiamat
 56232 | Zot:1    | Reached XP level 25. HP: 118/214 MP: 16/36
 57944 | Zot:3    | Reached skill level 23 in Fighting
 58759 | Zot:4    | Noticed an orb of fire
 58765 | Zot:4    | Gained mutation: Your body sometimes deteriorates upon
                  | taking damage. [an orb of fire]
 58767 | Zot:4    | Gained mutation: You occasionally lose the ability to drink
                  | potions when taking damage. [an orb of fire]
 58768 | Zot:4    | Killed an orb of fire
 58773 | Zot:4    | Lost mutation: You are frail. (-10% HP) [potion of
                  | mutation]
 58773 | Zot:4    | Lost mutation: You passively map a small area around you.
                  | [potion of mutation]
 58773 | Zot:4    | Gained mutation: You have a pair of small horns on your
                  | head. [potion of mutation]
 59029 | Zot:4    | Noticed an orb of fire
 59036 | Zot:4    | Killed an orb of fire
 59445 | Zot:4    | Lost mutation: You have a pair of small horns on your head.
                  | [potion of mutation]
 59445 | Zot:4    | Lost mutation: You occasionally lose the ability to drink
                  | potions when taking damage. [potion of mutation]
 59597 | Zot:4    | Reached skill level 24 in Fighting
 59760 | Zot:5    | Entered Level 5 of the Realm of Zot
 60254 | Zot:5    | Noticed an ancient lich
 60259 | Zot:5    | Killed an ancient lich
 60260 | Zot:5    | Reached skill level 25 in Fighting
 60262 | Zot:5    | Noticed a dread lich
 60271 | Zot:5    | Killed a dread lich
 60304 | Zot:5    | Reached XP level 26. HP: 252/259 MP: 36/36
 60306 | Zot:5    | Noticed an ancient lich
 60313 | Zot:5    | Killed an ancient lich
 60663 | Zot:5    | Reached skill level 26 in Fighting
 60728 | Zot:5    | Noticed a dread lich
 60731 | Zot:5    | Got the Orb of Zot
 60736 | Zot:5    | Noticed an orb of fire
 60739 | Zot:5    | Noticed an orb of fire
 61535 | D:$      | Escaped with the Orb!

Illustrated notes

Levels and vault maps discovered:
D:1:      sevenhm_arrival_forest_fort_small_3, layout_basic
D:2:      layout_basic, uniq_natasha
D:3:      layout_loops_cross, mainiacjoe_overflow_tiny_flanked,
          chequers_ecumenical_altar_twisty, serial_shops,
          nicolae_shop_hallway_plus
D:4:      layout_basic, lemuel_tele_altar, hellmonk_ghost_happy_afterlife,
          serial_shops, nicolae_shop_rolled_up, uniq_robin, uniq_duvessa
D:5:      layout_loops_ring, minmay_temple_entry_trees
D:6:      layout_rooms, nicolae_sif_muna_little_library,
          gammafunk_temple_of_torment, regret_index_xom_of_box
D:7:      layout_basic, mainiacjoe_overflow_boulevard,
          mainiacjoe_overflow_cross_hatched, gammafunk_ghost_necromancy,
          serial_shops, nicolae_square_shop, uniq_crazy_yiuf_cottage
D:8:      layout_basic, chequers_temple_overflow_statue_of_worship,
          grunt_lair_entry_orc_guard_hut
D:9:      layout_roguey, grunt_gozag_statues, nicolae_where_there's_smoke
D:10:     layout_rooms, kennysheep_orc_monster_closet_entryway
D:11:     layout_roguey, enter_trove_2, uniq_snorg
D:12:     layout_stronghold, minivault_26, uniq_kirke, uniq_frances
D:13:     layout_grid_maze
D:14:     layout_cave_pods, lightli_vaults_fourway_checkpoint, serial_shops,
          bzr_firewalk, minivault_19, kennysheep_generic_room_7
D:15:     gammafunk_depths_entry_grave, layout_basic, special_room
          [special_room_mythical_zoo], serial_curves, eino_curves_02,
          eino_curves_02, eino_curves_04
Lair:1:   beast_lair_carwin_large_3, layout_loops_ring, basic_altar,
          grunt_megastairs_2
Lair:2:   layout_gridlike, shoals_dummy_entry,
          hellmonk_spider_entry_life_and_decay, lemuel_centaur_altar,
          grunt_megastairs_3
Lair:3:   layout_regular_city, infiniplex_staircase_pool, uniq_gastronok
Lair:4:   layout_roguey, slime_entry_1, eino_house_with_fridge,
          lemuel_fruit_fields
Lair:5:   guppyfry_lair_end_dragon, layout_layer_cave,
          hangedman_lair_caniforms_friends, grunt_megastairs_5,
          lemuel_fruit_tree, infiniplex_staircase_pool_2
Shoals:1: layout_shoals, serial_shops, shop
Shoals:2: cheibrodos_shoals_baths, layout_shoals, minmay_shop_mass
Shoals:3: layout_shoals, abandoned_shop, uniq_louise, uniq_ilsuiw
Shoals:4: shoals_end_hellmonk_lost_city, uniq_polyphemus
Spider:1: layout_spider_delve, nicolae_looking_at_the_future
Spider:2: gammafunk_sealed_arena, gammafunk_ghost_grave,
          nicolae_spider_altar_of_dancing, uniq_nikola
Spider:3: layout_spider_delve, drop_trap, nicolae_spider_twisty_arc_passages
Spider:4: hellmonk_spider_rune_endless_swarm,
          hangedman_spider_tarantella_strand, uniq_arachne
Orc:1:    layout_caves
Orc:2:    grunt_orc_gardens, layout_caves, grunt_orc_garden, grunt_orc_garden,
          grunt_orc_garden, grunt_orc_garden, uniq_sonja
Elf:1:    layout_geoelf_diagonals, regret_index_elf_centigrade, uniq_roxanne,
          uniq_agnes
Elf:2:    elven_hall_of_blades_hangedman_original
          [nicolae_blade_entry_crossed_weapons], layout_onion_city, basic_altar,
          columned_hall_lemuel, uniq_asterion, uniq_norris, uniq_jorgrun
Elf:3:    minmay_elf_hall_spiked, layout_rooms
Vaults:1: v_misc_25, nicolae_vaults_sesquioval_fish, v_misc_10,
          nicolae_vaults_library_corner, serial_ice_b,
          nicolae_vaults_apartment_1, nicolae_vaults_double_plus_1,
          vaults_room_door_ring, v_misc_30, vaults_dpeg_emergency_exit,
          vaults_dpeg_hooks, layout_vaults_omnigrid
Vaults:2: infiniplex_enter_wizlab_glasses, nicolae_vaults_closet_pinwheel_3,
          ontoclasm_vaults_chip, nicolae_vaults_stepped_doors,
          minmay_crypt_entry_skeletal_spiral, vaults_dpeg_cross, st_diamondy,
          vaults_room_door_hall, v_pattern_4, vaults_dpeg_diagonal,
          lightli_orcish_oven, layout_vaults_omnibox
Vaults:3: portal_desolation_entry_salt, nicolae_vaults_hexular_roomagon,
          hangedman_vaults_trim, nicolae_vaults_windows_and_doors_thing,
          ontoclasm_vaults_pinch, nicolae_vaults_tetromino_Z_2, v_rooms_2,
          nicolae_vaults_storage_closets_3, v_misc_15, layout_vaults_maze_bifur,
          uniq_donald
Vaults:4: v_misc_28, nicolae_vaults_network_square, vaults_room_grid,
          ontoclasm_vaults_shuriken, ontoclasm_vaults_tryst,
          hangedman_vaults_variations, ontoclasm_vaults_twist,
          nicolae_vaults_antechamber_and_loot_room, nicolae_vaults_house_2,
          nicolae_vaults_trapezoid_3, layout_vaults_omnicross, serial_shops,
          shop
Vaults:5: uniq_jory
Depths:1: layout_honeycomb, enter_ziggurat_e, grunt_hell_entry_demonic_statue,
          serial_bayou_lagoon_a, lemuel_old_faithful, serial_bayou_shore_b,
          uniq_boris
Depths:2: kb_forest_paths, layout_cave_shapes, rand_demon_pan_entry_8,
          hangedman_tar_grid_catacomb, nicolae_vehumet_radiance,
          minmay_staircase_bubble
Depths:3: four-leaf_vault, layout_gridville, serial_shops, shop,
          ebering_ghost_gozag, hell_entry, grunt_pan_entry_sceptre, abyss_entry,
          nicolae_tso_carved_into_rock, infiniplex_staircase_trident
Depths:4: grunt_bruiser_brothers, layout_gridlike, hell_entry,
          abyss_entry_flame_altar, uniq_mennas, uniq_margery
Zot:1:    layout_twisted_circle, grunt_ministairs_12,
          hangedman_zot_decor_scrapings, uniq_parghit, uniq_tiamat
Zot:2:    layout_gridlike, regret_index_zotdec_banners
Zot:3:    layout_cellular_growth
Zot:4:    layout_misc_corridors
Zot:5:    layout_onion, st_stairs_3

Skill      XL: |  1  2  3  4  5  6  7  8  9 10 11 12 13 14 15 16 17 18 19 20 21 22 23 24 25 26 |
---------------+-------------------------------------------------------------------------------+-----
Ranged Weapons | 4 5 6 7 8 9 11 15 16 18 20 | 20.0
Fighting       | 4 5 7 11 14 15 17 19 20 22 25 26 | 26.7
Fire Magic     | 3 4 6 9 10 13 18 20 | 20.0
Spellcasting   | 4 6 7 9 10 12 13 | 13.0
Conjurations   | 4 5 7 10 | 10.0
Dodging        | 4 5 8 10 12 14 16 17 19 20 | 20.0
Invocations    | 6 9 11 12 | 12.0
Alchemy        | 1 8 |  8.0
Evocations     | 4 12 13 | 13.0
Necromancy     | 4 |  4.0
Translocations | 11 | 11.0
Stealth        | |  0.8

Action                     |  1- 3 |  4- 6 |  7- 9 | 10-12 | 13-15 | 16-18 | 19-21 | 22-24 | 25-27 || total
---------------------------+-------+-------+-------+-------+-------+-------+-------+-------+-------++-------
  Melee: Whip              |       |    31 |    10 |       |       |       |       |       |       ||    41
         Tailslap          |       |     4 |     3 |       |       |       |       |       |       ||     7
         Shortbow          |       |       |     3 |       |       |       |       |       |       ||     3
   Fire: Shortbow          |    68 |   126 |   226 |       |       |       |       |       |       ||   420
         Orcbow            |       |       |   137 |   639 |  1232 |   914 |       |       |       ||  2922
         Longbow           |       |       |       |       |       |   309 |   891 |  1272 |   491 ||  2963
  Throw: Dart              |       |     8 |       |     2 |     7 |     1 |     1 |       |       ||    19
         Throwing net      |       |       |       |       |       |       |     1 |       |       ||     1
   Cast: Flame Wave        |       |       |       |    20 |    26 |     6 |       |       |       ||    52
         Olgreb's Toxic Ra |       |       |       |       |    13 |   109 |    87 |    64 |    18 ||   291
         Irradiate         |       |       |       |       |       |    12 |     5 |     4 |     3 ||    24
         Ignition          |       |       |       |       |       |       |    48 |    34 |    12 ||    94
         Fugue of the Fall |       |       |       |       |       |       |       |    13 |     1 ||    14
 Invoke: Slouch            |       |       |       |       |     1 |     9 |     1 |     1 |       ||    12
Ability: Steam Breath      |       |       |     3 |     3 |     4 |     1 |     1 |     1 |     1 ||    14
  Evoke: Wand              |       |     1 |       |     1 |       |     3 |     1 |     1 |     3 ||    10
         Gell's gravitambo |       |       |       |       |       |       |       |     4 |       ||     4
         Phantom mirror    |       |       |       |       |       |       |       |     1 |       ||     1
    Use: Scroll            |     3 |     6 |     9 |     6 |    14 |     6 |     8 |     9 |    10 ||    71
         Potion            |       |     3 |       |     1 |     3 |     3 |     7 |     7 |     4 ||    28
 Armour: Skin              |    20 |    77 |   127 |   168 |   174 |   221 |   140 |   129 |    58 ||  1114
  Dodge: Dodged            |    11 |    43 |   186 |   523 |   770 |   755 |   369 |   472 |   305 ||  3434

Table legend: (Time is in decaauts)
 A = Elapsed time spent in this place.
 B = Non-inter-level travel time spent in this place.
 C = Inter-level travel time spent in this place.
 D = Time resting spent in this place.
 E = Time spent auto-exploring this place.
 F = Levels seen in this place.
 G = Mean time per level.
                   A        B        C        D        E       F      G
               +--------+--------+--------+--------+--------+-----+--------+
         Total |  92972 |  83582 |   9390 |  13497 |  57972 |  50 | 1859.4 |
       Dungeon |  25573 |  21456 |   4117 |   2945 |  15521 |  15 | 1704.9 |
          Lair |  11950 |  11022 |    928 |   2638 |   6722 |   5 | 2390.0 |
        Shoals |   7088 |   6346 |    742 |   1659 |   3684 |   4 | 1772.0 |
   Spider Nest |   6775 |   6524 |    251 |    857 |   4714 |   4 | 1693.8 |
  Orcish Mines |   2879 |   2357 |    522 |    333 |   1722 |   2 | 1439.5 |
   Elven Halls |   5829 |   5287 |    542 |    769 |   3581 |   3 | 1943.0 |
        Vaults |  12483 |  11517 |    966 |   1303 |   8695 |   5 | 2496.6 |
        Depths |   9223 |   8415 |    808 |    781 |   6745 |   4 | 2305.8 |
           Zot |   8261 |   7751 |    510 |   1365 |   5223 |   5 | 1652.2 |
        Bazaar |    210 |    210 |      0 |      0 |    111 |   1 |  210.0 |
        Wizlab |    869 |    869 |      0 |    226 |    351 |   1 |  869.0 |
    Desolation |   1827 |   1827 |      0 |    617 |    898 |   1 | 1827.0 |
               +--------+--------+--------+--------+--------+-----+--------+

Top non-repeatable levels by time:
Vaults:1: 2981 daAuts
Depths:4: 2906 daAuts
Vaults:4: 2877 daAuts
  Lair:5: 2772 daAuts
  Lair:2: 2676 daAuts
     D:9: 2650 daAuts
  Lair:4: 2587 daAuts
   Elf:3: 2466 daAuts
Vaults:2: 2453 daAuts
    D:14: 2343 daAuts
Vaults:5: 2318 daAuts
Depths:3: 2307 daAuts
Shoals:3: 2247 daAuts
    D:12: 2164 daAuts
     D:8: 2144 daAuts
